cohdb
Replays
Latest Replays
All Replays
Popular Replays
Top Player Replays
Match Explorer
How It Works
Community
CoH3 Stats
Reddit
Sign in to upload your games and track your stats! →
Sign in with Steam
Match 40135718
Unlisted
Match 40135718
Overview
Messages
Build Orders
End
Construct Infanterie Kompanie
Kettenkrad Recon Vehicle
MG 42 Machine Gun Team
Construct Panzergrenadier Kompanie
Panzergrenadier Squad
Panzergrenadier Squad
Panzergrenadier Officer Quarters
Selects Terror Battlegroup
Selects Machine Gun Camouflage
Panzergrenadier Squad
Panzergrenadier Squad
Selects Defend the Fatherland
Construct Panzer Kompanie
Forward Retreat Point
Medical Bunker
Panzer IV Medium Tank
Pak 40 Anti-tank Gun Team
Selects King Tiger Heavy Tank
Kleriker
Ninjesus CampDavid
hooch
Hamsti
Tactical427
DibbeTC
DaaTom
Mad Mac
0
0
Comments
sign in to comment!
No comments posted yet!